 Dungeon Crawl Stone Soup version 0.17-a0-1368-g6ab37f2 (webtiles) character file.

1557 nuthulu the Skirmisher (level 8, -2/53 HPs)
             Began as a Gargoyle Fighter on June 11, 2015.
             Was an Initiate of Okawaru.
             Slain by Prince Ribbit (11 damage)
             ... on level 6 of the Dungeon.
             The game lasted 00:18:54 (6014 turns).

nuthulu the Skirmisher (Gargoyle Fighter)           Turns: 6014, Time: 00:18:54

Health: -2/53      AC: 14    Str: 20    XL:     8   Next: 88%
Magic:  8/8        EV:  8    Int:  9    God:    Okawaru [......]
Gold:   300        SH: 11    Dex: 11    Spells: 0 memorised, 7 levels left

rFire  . . .     SeeInvis +     a - +0 flail
rCold  . . .     Clarity  .     b - +0 scale mail
rNeg   + + .     SustAt   .     c - +1 shield
rPois  ∞         Gourm    .     (helmet restricted)
rElec  +         Spirit   .     t - +0 cloak
rCorr  .         Warding  .     (no gloves)
rMut   .         Stasis   +     (no boots)
MR     .....                    v - amulet of stasis
Stlth  +.........               x - ring of see invisible
                                i - ring of positive energy

@: very slightly contaminated, not resistant to hostile enchantments, very
unstealthy
A: antennae 1, thin skeletal structure 2, berserk 1, clumsy 1, negative energy
resistance 1, electricity resistance, weak 1, unbreathing, petrification
resistance, rot immunity, AC +5
a: Renounce Religion


You were on level 6 of the Dungeon.
You worshipped Okawaru.
Okawaru was noncommittal.
You were not hungry.

You visited 2 branches of the dungeon, and saw 7 of its levels.

You collected 300 gold pieces.

Inventory:

Hand weapons
 a - a +0 flail (weapon)
Missiles
 k - a throwing net (quivered)
Armour
 b - a +0 scale mail (worn)
 c - a +1 shield (worn)
 l - a +0 helmet
 t - a +0 cloak (worn)
Jewellery
 i - a ring of positive energy (left hand)
 v - an amulet of stasis (around neck)
 x - a ring of see invisible (right hand)
 B - an uncursed ring of loudness
Magical devices
 p - a wand of slowing (30)
 C - a wand of draining (6)
Scrolls
 f - 4 scrolls of teleportation
 q - a scroll of magic mapping
 s - a scroll of fog
Potions
 d - a potion of resistance
 h - a potion of flight {unknown}
 m - 4 potions of haste
 u - a potion of invisibility
 w - 2 potions of brilliance {unknown}
 z - a potion of lignification {unknown}
 A - a potion of might
 D - a potion of poison {unknown}
Books
 r - a Necronomicon {highlevel, unknown}

   This book is beyond your current level of understanding.

   Spells                             Type                      Level
   a - Haunt                          Necromancy/Summoning         7
   b - Borgnjor's Revivification      Necromancy                   8
   c - Death's Door                   Charms/Necromancy            8
   d - Necromutation                  Transmutation/Necromancy     8
 y - a book of Envenomations

   Spells                             Type                      Level
   a - Spider Form                    Transmutation/Poison         3
   b - Alistair's Intoxication        Transmutation/Poison         4
   c - Olgreb's Toxic Radiance        Poison                       4
   d - Poisonous Cloud                Conjuration/Poison/Air       6
Comestibles
 e - 2 bread rations
 g - 4 slices of pizza
 j - 2 beef jerkies
 n - 2 royal jellies
 o - 5 meat rations


   Skills:
 + Level 7.0 Fighting
 + Level 5.4 Maces & Flails
 + Level 6.7 Armour
 + Level 6.8 Shields


You had 7 spell levels left.
You didn't know any spells.

Dungeon Overview and Level Annotations

Branches:
Dungeon (6/15)             Temple (1/1) D:4

Altars:
Cheibriados
Dithmenos
Elyvilon
Fedhas
Kikubaaqudgha
Nemelex Xobeh
Okawaru
Qazlal
Ru
Trog
Vehumet
Xom
Yredelemnul
Lugonu

Annotations:
D:6 Prince Ribbit


Innate Abilities, Weirdness & Mutations

You are resistant to torment.
Your stone body is resilient (AC +5).
You are immune to poison.
You resist negative energy.
You are resistant to electric shocks.
You can survive without breathing.
You are immune to petrification.
You are immune to rotting.
You have a pair of small antennae on your head.
You have a moderately thin skeletal structure (Dex +4, Stealth+).
You tend to lose your temper in combat.
You are clumsy. (Dex -2)
You are weak. (Str -2)


Message History

Prince Ribbit croaks regally.
You hit the jackal zombie.
You destroy the jackal zombie!
You sock the orc!
You kill the orc!
Okawaru accepts your kill. You block Prince Ribbit's attack.
Prince Ribbit blinks!
You flicker for a moment.
You hit Prince Ribbit.
Prince Ribbit is lightly wounded.
Prince Ribbit barely misses you.
Prince Ribbit momentarily phases out as your attack passes through him.
Prince Ribbit is lightly wounded.
You flicker back into view.
You block Prince Ribbit's attack. Prince Ribbit hits you.
* * * LOW HITPOINT WARNING * * *
You hit Prince Ribbit.
Prince Ribbit is lightly wounded.
Prince Ribbit barely misses you. Prince Ribbit hits you!
You die...

......# #..#
.....## #..##
.....)## #...#
####...# #...#
#...###...# ##
##...##...#
.####........###
....##.........###
........######.F@#
##....### #####
##...# ##..##
##...## #.....#
...#..# ###
.###..## ##.# ##
##..# ###.##


You could see Prince Ribbit.

Vanquished Creatures
  Sigmund (D:2)
  The ghost of WhatIsLove the Charlatan, an average TeAr (D:4)
  A water moccasin (D:5)
  An ice beast (D:5)
  A phantom (D:5)
  2 sky beasts
  An ogre (D:4)
  2 centaurs
  A giant frog (D:6)
  3 crimson imps (D:5)
  A jelly (D:6)
  A centaur skeleton (D:4)
  3 orc priests
  A hound (D:4)
  A worker ant (D:4)
  A hound zombie (D:5)
  6 adders
  A shadow imp (D:5)
  2 oozes
  3 worms
  2 giant geckos
  13 orcs
  A bat skeleton (D:4)
  11 goblins
  9 hobgoblins
  4 jackals
  3 quokkas
  10 bats
  7 giant cockroaches
  2 giant gecko skeletons
  8 giant newts
  A jackal zombie (D:6)
  16 kobolds
  A quokka skeleton (D:5)
  12 rats
  A spectral orc (D:2)
  A bush (D:4)
136 creatures vanquished.

Notes
Turn   | Place    | Note
--------------------------------------------------------------
     0 | D:1      | nuthulu the Gargoyle Fighter began the quest for the Orb.
     0 | D:1      | Reached XP level 1. HP: 14/14 MP: 1/1
   196 | D:1      | You fall through a shaft!
   253 | D:2      | Reached XP level 2. HP: 16/19 MP: 2/2
   355 | D:2      | Found a sacrificial altar of Ru.
   656 | D:2      | Noticed Sigmund
   663 | D:2      | Killed Sigmund
   663 | D:2      | Reached skill level 4 in Fighting
   663 | D:2      | Reached XP level 3. HP: 24/24 MP: 3/3
   663 | D:2      | Reached XP level 4. HP: 30/30 MP: 4/4
   663 | D:2      | Reached XP level 5. HP: 34/34 MP: 5/5
  1422 | D:2      | Found a basalt altar of Yredelemnul.
  1534 | D:2      | Reached XP level 6. HP: 39/39 MP: 6/6
  2757 | D:4      | Found a staircase to the Ecumenical Temple.
  2833 | Temple   | Entered the Ecumenical Temple
  2975 | D:4      | Noticed WhatIsLove's ghost (average TeAr)
  3016 | D:4      | Reached skill level 5 in Shields
  3031 | D:4      | Killed WhatIsLove's ghost
  3031 | D:4      | Reached skill level 5 in Fighting
  3031 | D:4      | Reached XP level 7. HP: 33/44 MP: 7/7
  3186 | D:4      | Reached skill level 5 in Armour
  3422 | D:4      | Found a snail-covered altar of Cheibriados.
  3556 | D:4      | Found a shadowy altar of Dithmenos.
  3938 | D:5      | Entered Level 5 of the Dungeon
  3951 | D:5      | Found an ancient bone altar of Kikubaaqudgha.
  4115 | D:5      | Reached skill level 6 in Fighting
  4115 | D:5      | Reached XP level 8. HP: 37/51 MP: 8/8
  4368 | D:5      | Gained mutation: You have a pair of small antennae on your head. [potion of mutation]
  4368 | D:5      | Gained mutation: You can spit weak poison. [potion of mutation]
  4368 | D:5      | Gained mutation: Your natural rate of healing is unusually fast. [potion of mutation]
  4369 | D:5      | Gained mutation: You have a somewhat thin skeletal structure (Dex +2, Stealth). [potion of mutation]
  4369 | D:5      | Gained mutation: You tend to lose your temper in combat. [potion of mutation]
  4369 | D:5      | Gained mutation: You are weak. (Str -2) [potion of mutation]
  4703 | D:5      | Found an iron altar of Okawaru.
  4715 | D:5      | Became a worshipper of Warmaster Okawaru
  4854 | D:5      | Reached skill level 5 in Maces & Flails
  5101 | D:6      | Gained mutation: You are clumsy. (Dex -2) [mutagenic meat]
  5102 | D:6      | Lost mutation: Your natural rate of healing is unusually fast. [mutagenic meat]
  5103 | D:6      | Lost mutation: You can spit weak poison. [mutagenic meat]
  5105 | D:6      | Gained mutation: You have a moderately thin skeletal structure (Dex +4, Stealth+). [mutagenic meat]
  5146 | D:6      | Noticed Prince Ribbit
  5326 | D:6      | Found a blossoming altar of Fedhas.
  5728 | D:6      | Found a sacrificial altar of Ru.
  5991 | D:6      | Reached skill level 7 in Fighting
  6014 | D:6      | Slain by Prince Ribbit

Vault maps used:
D:1:      sevenhm_arrival_forest_fort_large_4
D:2:      nicolae_ru_awakened_eye, yredelemnul_forgotten_temple_becter,
          first_bread, uniq_sigmund
D:3:      kennysheep_six_static_rooms
D:4:      cheibriados_altar_wand_db, nicolae_overflow_hidden_temple,
          minmay_temple_entry_overgrown
D:5:      lemuel_crystal_altar, okawaru_gym_becter
D:6:      fedhas_bush_and_centaur_altar, basic_altar, uniq_prince_ribbit1
Temple:   corrupted_temple

Action                   |  1- 3 |  4- 6 |  7- 9 || total
-------------------------+-------+-------+-------++-------
Melee: Flail             |    64 |   281 |   311 ||   656
  Use: Scroll            |     2 |     8 |     5 ||    15
       Potion            |     1 |       |     3 ||     4
  Eat: Chunk             |       |     7 |     8 ||    15
       Bread ration      |       |       |     1 ||     1
       Beef jerky        |       |       |     2 ||     2
